 Dungeon Crawl Stone Soup version 0.17.1-1-g73c8601 (webtiles) character file.

4713 Killerpretzel the Destroyer (level 10, -12/56 HPs)
             Began as a Deep Elf Conjurer on Dec 18, 2015.
             Was a Believer of Vehumet.
             Shot with an arrow by a centaur warrior (23 damage)
             ... on level 10 of the Dungeon on Dec 22, 2015.
             The game lasted 01:24:40 (10317 turns).

Killerpretzel the Destroyer (Deep Elf Conjurer)    Turns: 10317, Time: 01:24:40

Health: -12/56     AC:  8    Str:  7    XL:     10   Next: 22%
Magic:  8/20       EV: 19    Int: 22    God:    Vehumet [**....]
Gold:   201        SH:  0    Dex: 12    Spells: 5 memorised, 7 levels left

rFire  . . .     SeeInvis .     q - +3 dagger (drain)
rCold  . . .     Clarity  .     x - +1 robe of Follow the Leader {rElec MR+ Stlth+}
rNeg   + + .     SustAt   .     (no shield)
rPois  +         Gourm    .     (no helmet)
rElec  +         Spirit   .     A - +2 cloak {+Inv}
rCorr  .         Warding  .     (no gloves)
rMut   .         Stasis   .     h - +1 pair of boots of the Okapi {rN++ MR++ Dex-3}
MR     ++++.                    (no amulet)
Stlth  +++.......               o - ring of poison resistance
                                g - +5 ring of evasion

@: about to teleport, incredibly resistant to hostile enchantments, fairly
stealthy
A: no striking features
a: Renounce Religion, Evoke Invisibility


You were on level 10 of the Dungeon.
You worshipped Vehumet.
Vehumet was pleased with you.
You were hungry.

You visited 2 branches of the dungeon, and saw 10 of its levels.

You collected 518 gold pieces.
You spent 317 gold pieces at shops.

Inventory:

Hand Weapons
 q - a +3 dagger of draining (weapon)
 y - a +3 quarterstaff of chaos
Missiles
 e - 22 poisoned needles
 J - 12 arrows of dispersal
Armour
 h - the +1 pair of boots of the Okapi (worn) {rN++ MR++ Dex-3}
   (You found it on level 8 of the Dungeon)

   It affects your dexterity (-3).
   It greatly protects you from negative energy.
   It affects your resistance to hostile enchantments.
 n - a +0 buckler
 x - the +1 robe of Follow the Leader (worn) {rElec MR+ Stlth+}
   (You bought it in a shop on level 7 of the Dungeon)

   It insulates you from electricity.
   It affects your resistance to hostile enchantments.
   It makes you more stealthy.
 A - a +2 cloak of invisibility (worn)
Jewellery
 g - a +5 ring of evasion (left hand)
 o - a ring of poison resistance (right hand)
 u - an uncursed ring of protection from magic
 v - an uncursed ring of protection from fire
 M - a cursed ring of loudness {unknown}
Wands
 b - a wand of teleportation (5)
 p - a wand of polymorph (4)
 E - a wand of hasting (5)
 L - a wand of teleportation (5)
Scrolls
 a - a scroll of magic mapping {unknown}
 d - 4 scrolls of identify
 k - 2 scrolls of teleportation
 l - 3 scrolls of recharging
 t - 2 scrolls of remove curse {unknown}
 B - 2 scrolls of fog {unknown}
Potions
 c - 2 potions of mutation {unknown}
 i - 4 potions of haste {unknown}
 j - 2 potions of magic
 m - a potion of brilliance {unknown}
 r - 4 potions of curing
 s - a potion of poison {unknown}
 w - 2 potions of agility
 D - 2 potions of might {unknown}
 G - a potion of heal wounds {unknown}
Books
 H - a book of Transfigurations

   Spells                             Type                      Level
   a - Stoneskin                      Transmutation/Earth          2
   b - Irradiate                      Conjuration/Transmutation    5
   c - Statue Form                    Transmutation/Earth          6
   d - Hydra Form                     Transmutation                6
   e - Dragon Form                    Transmutation                7
 I - a book of Power

   Spells                             Type                      Level
   a - Fulminant Prism                Conjuration/Hexes            4
   b - Iskenderun's Mystic Blast      Conjuration                  4
   c - Venom Bolt                     Conjuration/Poison           5
   d - Bolt of Magma                  Conjuration/Fire/Earth       5
   e - Iron Shot                      Conjuration/Earth            6
   f - Orb of Destruction             Conjuration                  7
   g - Spellforged Servitor           Conjuration/Summoning        7
Comestibles
 f - 5 meat rations
 z - 3 bread rations
 C - 2 fruits
 F - 3 chunks of flesh
 K - 2 beef jerkies


   Skills:
 + Level 3.0 Fighting
 + Level 5.2 Dodging
 - Level 2.4 Stealth
 + Level 2.9 Shields
 + Level 5.6 Spellcasting
 * Level 12.0 Conjurations
 - Level 0.3 Hexes
 + Level 8.9 Charms
 * Level 4.0 Fire Magic


You had 7 spell levels left.
You knew the following spells:

 Your Spells              Type           Power        Failure   Level  Hunger
a - Magic Dart            Conj           ####         1%          1    None
b - Searing Ray           Conj           ######       1%          2    None
c - Fulminant Prism       Conj/Hex       ####......   10%         4    ####...
d - Flame Tongue          Conj/Fire      #####        1%          1    None
w - Iskenderun's Battles  Conj/Chrm      ######..     4%          5    #####..


Dungeon Overview and Level Annotations

Branches:
Dungeon (10/15)            Temple (1/1) D:5
   Lair: D:8-11         Orc: D:9-12

Altars:
Ashenzari
Cheibriados
Dithmenos
Elyvilon
Fedhas
Gozag
Kikubaaqudgha
Makhleb
Nemelex Xobeh
Okawaru
Qazlal
Ru
Sif Muna
Trog
Vehumet
Xom
Yredelemnul
Zin
The Shining One

Shops:
D:5 =   D:7 [}?[

Annotations:
D:3 exclusion: 2 downstairs


Message History

You feel better.
The centaur warrior shoots an arrow.
The arrow hits you.
* * * LOW HITPOINT WARNING * * *
Read which item? (? for menu, Esc to quit)
Okay, then.
Evoke which item? (* to show all) (? for menu, Esc to quit)
Zapping:
p - a wand of polymorph {zapped: 3} (will waste charges)
Press: ? - help, Shift-Dir - straight line, f/p - centaur warrior
Aim: a centaur warrior, wielding a longbow and wearing a peridot ring (lightly wounded, unusually agile, chance to defeat MR: 28%)
The centaur warrior easily resists.
Evoking this partially-identified wand wasted a few charges.
Evoke which item? (* to show all) (? for menu, Esc to quit)
Okay, then.
Read which item? (? for menu, Esc to quit)
As you read the scroll of teleportation, it crumbles to dust.
You feel strangely unstable.
Drink which item? (? for menu, Esc to quit)
You feel better.
The centaur warrior shoots an arrow.
The arrow hits you!
* * * LOW HITPOINT WARNING * * *
The centaur warrior shoots an arrow.
The arrow hits you!!
You die...

#######+#.. ...88.......
###### ............ #....
............ #....
.........>...#....
.(...........#...#
........... .#...#
.......#####'#...#
.......#.....#..@####+###
.....[.#.....#.*.##.....##.
.#####'#.c..##..c##........
.#..........##...##........
.#...........#.....?.......
.#.........(.#.............
ยง#...........#..........#
.#.##.##...(##...##.....#
## #.##(...#######c....##


You could see a centaur warrior.

Vanquished Creatures
  Prince Ribbit (D:5)
  Sigmund (D:5)
  2 wyverns (D:8)
  A deep elf mage (D:8)
  A spriggan (D:7)
  Eustachio (D:4)
  2 sky beasts
  2 black bears
  3 centaurs
  2 necrophages
  4 ogres
  2 orc warriors
  4 ice beasts
  A crocodile (D:8)
  5 giant frogs
  A water moccasin skeleton (D:6)
  2 scorpions
  4 killer bees
  A wight (D:10)
  5 crimson imps
  Crazy Yiuf (D:7)
  A jelly (D:5)
  5 orc priests
  A centaur skeleton (D:5)
  3 hounds
  A giant frog skeleton (D:8)
  4 iguanas
  5 worker ants
  4 orc wizards
  A hound skeleton (D:4)
  6 gnolls
  16 adders
  A shadow imp (D:8)
  2 oozes (D:2)
  An adder skeleton (D:4)
  An adder zombie (D:10)
  4 worms
  7 giant geckos
  18 orcs
  2 ball pythons
  8 bats
  6 giant cockroaches
  9 goblins
  6 hobgoblins
  2 jackals (D:5)
  5 quokkas
  5 giant newts
  9 kobolds
  8 rats
187 creatures vanquished.

Vanquished Creatures (others)
  13 fulminant prisms
13 creatures vanquished.

Grand Total: 200 creatures vanquished

Notes
Turn   | Place    | Note
--------------------------------------------------------------
     0 | D:1      | Killerpretzel the Deep Elf Conjurer began the quest for the Orb.
     0 | D:1      | Reached XP level 1. HP: 10/10 MP: 6/6
   223 | D:1      | Reached XP level 2. HP: 15/15 MP: 0/8
   227 | D:1      | Learned a level 2 spell: Searing Ray
   415 | D:1      | Reached skill level 5 in Conjurations
   745 | D:2      | Reached XP level 3. HP: 19/19 MP: 2/9
  1096 | D:2      | Reached skill level 6 in Conjurations
  1176 | D:2      | Reached XP level 4. HP: 24/24 MP: 3/10
  1415 | D:2      | Found a burning altar of Makhleb.
  1872 | D:2      | Learned a level 4 spell: Fulminant Prism
  1922 | D:3      | Reached skill level 7 in Conjurations
  1922 | D:3      | Reached XP level 5. HP: 28/28 MP: 1/11
  2115 | D:3      | Noticed an orc warrior
  2857 | D:3      | Killed an orc warrior
  2857 | D:3      | Reached skill level 8 in Conjurations
  2857 | D:3      | Reached XP level 6. HP: 32/32 MP: 4/12
  3249 | D:4      | Noticed Eustachio
  3758 | D:4      | Reached skill level 9 in Conjurations
  3871 | D:4      | Reached XP level 7. HP: 36/36 MP: 8/13
  3921 | D:4      | Learned a level 5 spell: Iskenderun's Battlesphere
  3986 | D:4      | Reached skill level 1 in Charms
  4787 | D:5      | Entered Level 5 of the Dungeon
  5038 | D:5      | Found Gaquen's Jewellery Shop.
  5250 | D:5      | Noticed Sigmund
  5759 | D:5      | Found a staircase to the Ecumenical Temple.
  5766 | D:5      | Noticed Prince Ribbit
  5768 | Temple   | Entered the Ecumenical Temple
  5931 | Temple   | Became a worshipper of Vehumet
  6001 | D:5      | Killed Prince Ribbit
  6001 | D:5      | Reached skill level 10 in Conjurations
  6001 | D:5      | Reached skill level 5 in Charms
  6001 | D:5      | Reached XP level 8. HP: 41/41 MP: 6/14
  6102 | D:4      | Killed Eustachio
  6414 | D:5      | Killed Sigmund
  7066 | D:6      | Reached skill level 1 in Fighting
  7089 | D:6      | Reached skill level 1 in Shields
  7164 | D:6      | Reached skill level 11 in Conjurations
  7566 | D:6      | Reached XP level 9. HP: 48/48 MP: 9/17
  7785 | D:6      | Reached * piety under Vehumet
  7785 | D:6      | Offered knowledge of Flame Tongue by Vehumet.
  7788 | D:6      | Learned a level 1 spell: Flame Tongue
  7915 | D:7      | Found Jitaza Udug's Armour Boutique.
  8087 | D:7      | Found Weupsas's Armour Boutique.
  8136 | D:7      | Bought the +1 robe of Follow the Leader {rElec MR+ Stlth+} for 281 gold pieces
  8155 | D:7      | Reached skill level 1 in Fire Magic
  8411 | D:7      | Noticed Crazy Yiuf
  8414 | D:7      | Killed Crazy Yiuf
  8491 | D:7      | Found Gomowk's Gadget Shop.
  8730 | D:7      | Found Ithri's Magic Scroll Shoppe.
  8734 | D:7      | Reached skill level 5 in Spellcasting
  8742 | D:7      | Bought a scroll of teleportation for 36 gold pieces
  9067 | D:8      | Got a pair of steaming boots
  9090 | D:8      | Identified the +1 pair of boots of the Okapi {rN++ MR++ Dex-3} (You found it on level 8 of the Dungeon)
  9240 | D:8      | Reached skill level 5 in Dodging
  9319 | D:8      | Reached XP level 10. HP: 54/54 MP: 12/20
  9491 | D:8      | Reached ** piety under Vehumet
  9491 | D:8      | Offered knowledge of Freeze by Vehumet.
  9547 | D:8      | Reached skill level 12 in Conjurations
  9883 | D:8      | You fall through a shaft for 2 floors!
  9883 | D:10     | Entered Level 10 of the Dungeon
  9912 | D:10     | Noticed a centaur warrior
 10317 | D:10     | Shot with an arrow by a centaur warrior

Action                   |  1- 3 |  4- 6 |  7- 9 | 10-12 || total
-------------------------+-------+-------+-------+-------++-------
Melee: Dagger            |       |       |     1 |       ||     1
 Cast: Magic Dart        |    49 |   103 |   153 |    41 ||   346
       Searing Ray       |     4 |    10 |    24 |     1 ||    39
       Fulminant Prism   |       |     6 |     7 |       ||    13
       Iskenderun's Batt |       |       |    43 |    19 ||    62
Evoke: Wand              |       |       |       |     2 ||     2
  Use: Scroll            |     5 |     5 |     8 |     3 ||    21
       Potion            |       |     1 |     1 |     3 ||     5
  Eat: Chunk             |     1 |     8 |    25 |     8 ||    42
       Pizza             |       |     1 |       |       ||     1
       Bread ration      |       |       |     2 |       ||     2
